 Dungeon Crawl Stone Soup version 0.28.0 (webtiles) character file.

Game seed: 4747687488481371490

290143 HallandMoats the Warrior (level 21, -12/195 HPs)
             Began as a Ghoul Monk on Feb 11, 2022.
             Was the Champion of Okawaru.
             Mangled by a vault guard (25 damage)
             ... led by a vault warden
             ... on level 4 of the Vaults.
             The game lasted 01:10:26 (40686 turns).

HallandMoats the Warrior (Ghoul Monk)              Turns: 40686, Time: 01:10:27

Health: -12/195    AC: 27    Str: 26    XL:     21   Next: 13%
Magic:  0/31       EV: 24    Int:  4    God:    Okawaru [******]
Gold:   2694       SH:  0    Dex: 22    Spells: 20/20 levels left

rFire   + + .      SeeInvis +   a - +6 bardiche of Classification {spect, Int+2 Dex+7}
rCold   + + .      Faith    .   (shield currently unavailable)
rNeg    + + +      Spirit   +   t - +7 Kryia's mail coat {PotionHeal*2 rC+}
rPois   ∞          Reflect  .   H - +0 mask of the Dragon {Will+ Slay+3 SInv}
rElec   .          Harm     .   V - +2 cloak {Stlth+}
rCorr   .          Rampage  .   X - +1 pair of gloves {Stlth+}
Will    ++...                   O - +1 pair of boots
Stlth   ++++++++..              d - amulet of guardian spirit
HPRegen 0.00/turn               Y - ring "Ajim" {rF++ Str+4 Int-3 SInv Stlth+}
MPRegen 0.22/turn               I - +4 ring of slaying

@: heroic, finesse-ful, marked, inhibited regen, studying Fighting
A: claws 1, cold resistance 1, negative energy resistance 3, inhibited
regeneration, torment resistance 2
}: 1/15 runes: gossamer
a: Renounce Religion, Heroism, Finesse, Duel


You were on level 4 of the Vaults.
You worshipped Okawaru.
Okawaru was exalted by your worship.
You visited 7 branches of the dungeon, and saw 33 of its levels.
You also visited: Gauntlet and Wizlab.

You collected 3195 gold pieces.
You spent 501 gold pieces at shops.

Inventory:

Hand Weapons
 a - the +6 bardiche of Classification (weapon) {spect, Int+2 Dex+7}
   (You found it on level 7 of the Dungeon)

   When its wielder attacks, the weapon's spirit leaps out and strikes again.
   The spirit shares a part of any damage it takes with its wielder.
   Int:       It affects your intelligence (+2).
   Dex:       It affects your dexterity (+7).
 b - the +10 lajatang "Cigom" {drain, Str+5}
   (Okawaru gifted it to you on level 7 of the Dungeon)

   A truly terrible weapon, it drains the life of any living foe it strikes.
   Str:       It affects your strength (+5).
 P - the +6 halberd "Umozoots" {speed, Stlth+}
   (Okawaru gifted it to you on level 4 of the Lair of Beasts)

   Attacks with this weapon are significantly faster.
   Stlth:     It makes you more stealthy.
 R - the +8 spear "Beetleslayer" {vorpal, rC- Str+5}
   (Okawaru gifted it to you on level 15 of the Dungeon)

   It inflicts extra damage upon your enemies.
   Str:       It affects your strength (+5).
   rC:        It makes you vulnerable to cold.
Missiles
 C - 3 throwing nets (quivered)
Armour
 c - the +6 chain mail of Knowledge {+Inv rC+ Str+4 SInv}
   (Okawaru gifted it to you on level 3 of the Vaults)

   Str:       It affects your strength (+4).
   rC:        It protects you from cold.
   SInv:      It lets you see invisible.
   +Inv:      It lets you turn invisible.
 h - a +0 pair of boots of rampaging
 t - the +7 Kryia's mail coat (worn) {PotionHeal*2 rC+}
   (You found it on level 5 of the Dungeon)

   Potions are twice as effective at healing its wearer.
   rC:        It protects you from cold.
 x - a scarf of resistance
 y - a +0 kite shield of reflection
 H - the +0 mask of the Dragon (worn) {Will+ Slay+3 SInv}
   (You bought it in a shop on level 1 of the Vaults)

   Slay:      It affects your accuracy & damage with ranged weapons and melee
   (+3).
   SInv:      It lets you see invisible.
   Will:      It increases your willpower.
 O - a +1 pair of boots (worn)
 V - a +2 cloak of stealth (worn)
 X - a +1 pair of gloves of stealth (worn)
Jewellery
 d - an amulet of guardian spirit (around neck)
 G - a ring of resist corrosion
 I - a +4 ring of slaying (right hand)
 S - the ring of the Hare {EV+8}
   (You found it on level 3 of the Vaults)

   [ring of evasion]

   EV:        It affects your evasion (+8).
 T - the amulet "Aboadel" {Faith rPois MP-9 Dex+2}
   (You found it on level 3 of the Lair of Beasts)

   [amulet of faith]

   It allows you to gain divine favour quickly.
   Dex:       It affects your dexterity (+2).
   rPois:     It protects you from poison.
   MP:        It affects your magic capacity (-9).
 Y - the ring "Ajim" (left hand) {rF++ Str+4 Int-3 SInv Stlth+}
   (You took it off a minotaur in a Gauntlet)

   [ring of see invisible]

   Str:       It affects your strength (+4).
   Int:       It affects your intelligence (-3).
   rF:        It greatly protects you from fire.
   SInv:      It lets you see invisible.
   Stlth:     It makes you more stealthy.
Wands
 f - a wand of polymorph (9)
 r - a wand of acid (33)
 z - a wand of iceblast (4)
 A - a wand of mindburst (4)
 D - a wand of paralysis (3)
 L - a wand of digging (14)
 N - a wand of flame (57)
Scrolls
 g - a scroll of magic mapping
 j - 5 scrolls of teleportation
 k - 2 scrolls of torment
 l - 8 scrolls of enchant armour
 n - 3 scrolls of amnesia
 u - 5 scrolls of blinking
 w - a scroll of fear
 E - 3 scrolls of immolation
 J - 6 scrolls of enchant weapon
 K - 3 scrolls of brand weapon
Potions
 e - 3 potions of curing
 i - 2 potions of degeneration {unknown}
 m - 6 potions of flight
 o - a potion of resistance {unknown}
 q - 6 potions of might
 s - 3 potions of cancellation {unknown}
 v - 3 potions of brilliance {unknown}
 F - 5 potions of haste {unknown}
 M - a potion of ambrosia
 Q - 2 potions of invisibility {unknown}
 U - 2 potions of magic {unknown}
Miscellaneous
 B - a condenser vane


   Skills:
 * Level 18.6(23.6) Fighting
 * Level 16.1(21.1) Polearms
 * Level 13.3(18.3) Armour
 * Level 13.6(18.6) Dodging
 + Level 11.6(16.6) Stealth
 + Level 6.8(11.8) Shields
 - Level 9.2(14.2) Unarmed Combat
 + Level 15.9 Invocations


You had 20 spell levels left.
You didn't know any spells.
Your spell library contained the following spells:

 Spells                   Type           Power      Damage    Failure   Level
 Slow                     Hex            0%         N/A       67%         1
 Sting                    Tmut/Pois      0%         1d3       67%         1
 Corpse Rot               Necr/Air       0%         N/A       82%         2
 Passwall                 Tmut/Erth      0%         N/A       82%         2
 Poisonous Vapours        Pois/Air       0%         N/A       82%         2
 Confusing Touch          Hex            0%         N/A       96%         3
 Ignite Poison            Fire/Tmut/Pois 0%         N/A       96%         3
 Mephitic Cloud           Conj/Pois/Air  0%         N/A       96%         3
 Portal Projectile        Hex/Tloc       0%         N/A       96%         3
 Vampiric Draining        Necr           0%         2d6       96%         3
 Cause Fear               Hex            0%         N/A       100%        4
 Dispel Undead            Necr           0%         3d6       100%        4
 Leda's Liquefaction      Hex/Erth       0%         N/A       100%        4
 Passage of Golubria      Tloc           0%         N/A       100%        4
 Alistair's Intoxication  Tmut/Pois      0%         N/A       100%        5
 Silence                  Hex/Air        0%         N/A       100%        5
 Eringya's Noxious Bog    Tmut/Pois      0%         N/A       100%        6
 Orb of Destruction       Conj           0%         9d5       100%        7
 Ignition                 Fire           0%         3d3       100%        8
 Lehudib's Crystal Spear  Conj/Erth      0%         10d2      100%        8
 Call Canine Familiar     Summ           Unusable   N/A       N/A         3
 Summon Guardian Golem    Hex/Summ       Unusable   N/A       N/A         3
 Death Channel            Necr           Unusable   N/A       N/A         6
 Dragon Form              Tmut           Unusable   N/A       N/A         7
 Spellforged Servitor     Conj/Summ      Unusable   N/A       N/A         7
 Dragon's Call            Summ           Unusable   N/A       N/A         9

Dungeon Overview and Level Annotations

Branches:
Dungeon (15/15)            Temple (1/1) D:5            Lair (6/6) D:11
  Swamp (1/4) Lair:2       Spider (4/4) Lair:4        Slime (0/5) Lair:5
    Orc (2/2) D:11            Elf (0/3) Orc:2        Vaults (4/5) D:13
  Crypt (0/3) Vaults:2     Depths (0/4) D:15         WizLab (visited)
Gauntlet (visited)

Altars:
Ashenzari
Cheibriados
Dithmenos
Elyvilon
Fedhas
Gozag
Hepliaklqana
Kikubaaqudgha
Makhleb
Nemelex Xobeh
Okawaru
Qazlal
Ru
Sif Muna
Trog
Uskayaw
Vehumet
Wu Jian
Xom
Yredelemnul
Zin
The Shining One
Beogh
Lugonu

Shops:
D:5 =   D:8 =   D:10 =   D:12 (   D:14 *   Orc:2 ([*(   Vaults:1 [

Portals:
Abyss: Lair:6
Trove: D:12 (give +6 demon blade)

Annotations:
D:8 2 transporters, ravioli's ghost, novice OpEE


Innate Abilities, Weirdness & Mutations

You thrive by killing the living.
You are immune to poison.
You have sharp fingernails.
Your flesh is cold resistant. (rC+)
You are immune to negative energy. (rN+++)
You do not regenerate when monsters are visible.
You are immune to unholy pain and torment.


Message History

Unknown command.
You gain the combat prowess of a mighty hero.
The vault guard hits you from afar with a +3 glaive.
The stone giant hits you but does no damage.
The vault guard completely misses you. The red ugly thing misses you.
Unknown command.
You can now deal lightning-fast blows.
The vault guard hits you but does no damage.
The stone giant hits you but does no damage.
The red ugly thing stings you but does no damage.
The vault guard hits you with a +2 long sword of holy wrath.
You convulse.
Unknown command.
You are too injured to fight recklessly!
Unknown command.
You are too injured to fight recklessly!
Unknown command.
You are too injured to fight recklessly!
Unknown command.
You closely miss the red ugly thing.
Your +6 bardiche of Classification {spect, Int+2 Dex+7} misses the red ugly thing.
The vault guard barely misses you.
The stone giant hits you but does no damage.
The vault guard blocks your attack.
Your +6 bardiche of Classification {spect, Int+2 Dex+7} hits the vault guard!
The red ugly thing barely misses you.
The vault guard hits you with a +2 long sword of holy wrath!
You convulse!
The vault guard blocks your attack.
The vault guard is lightly wounded.
Your +6 bardiche of Classification {spect, Int+2 Dex+7} barely misses the vault guard.
The vault guard completely misses you. The stone giant hits you!!
* * * LOW HITPOINT WARNING * * *
You slash the vault guard!
The vault guard is moderately wounded.
Your +6 bardiche of Classification {spect, Int+2 Dex+7} hits the vault guard!
The vault guard hits you with a +2 long sword of holy wrath!!
* * * LOW HITPOINT WARNING * * *
You convulse!!
You die...

.....# .....#
+#)### .))# ..)#
#######+#####
...#
#...§p.)....#
...#
#....#.#....#
...#
#....###up..#
...# #.[..#
#@(..# ##+####
#.###..C###.#
.p.cC.# #. #..pu
.# .p.c.p###.
##.c. #
.###.po)#).pu#.#.
.#
#§)[)+p..p###.>
## ###).#....#
#cp#..... #c.#
###


You could see a stone giant, 3 vault guards, 3 ugly things, a vault sentinel, a
yaktaur and a friendly +6 bardiche of Classification {spect, Int+2 Dex+7}
(summoned).

Vanquished Creatures
  Boris (Vaults:2)
  Bai Suzhen (Spider:4)
  Arachne (Spider:3)
  Rupert (Orc:2)
  Jorgrun (Spider:3)
  A sphinx (Vaults:1)
  Kirke (Lair:5)
  A thorn hunter (Lair:2)
  Agnes (Spider:1)
  Donald (Orc:2)
  A revenant (Vaults:2)
  A fire giant (Vaults:1)
  3 ghost moths
  6 emperor scorpions
  An orc warlord (Orc:2)
  6 vault wardens
  2 war gargoyles
  2 broodmothers
  6 ironbound thunderhulks
  A stone giant (D:11)
  4 very ugly things
  9 ironbound preservers
  A vampire knight (Vaults:2)
  5 entropy weavers
  2 bunyips
  A spark wasp (Spider:1)
  8 dire elephants
  A minotaur (Gauntlet)
  An orange crystal statue (Arena)
  An ettin (D:11)
  A deep elf high priest (Vaults:1)
  10 yaktaur captains
  A great orb of eyes (D:15)
  5 boulder beetles
  9 hydras
  3 vault guards
  A rakshasa (D:15)
  An ogre mage (D:13)
  A radroach (Spider:2)
  11 centaur warriors
  9 ironbound frosthearts
  A catoblepas (D:15)
  9 two-headed ogres
  8 death yaks
  A vampire mage (Vaults:2)
  2 orc high priests (Orc:2)
  A deep troll earth mage (D:11)
  3 thrashing horrors (Lair:6)
  A hell knight (Vaults:3)
  A soul eater (Vaults:2)
  Sonja (D:10)
  3 sun moths (Spider:3)
  6 pharaoh ants
  A skeletal warrior (D:13)
  A bog body (Lair:2)
  A swamp dragon (Swamp:1)
  23 deep trolls
  8 wizards
  8 orb spiders
  10 ironbound convokers
  4 orc knights
  14 steelbarb worms
  13 wolf spiders
  2 necromancers
  9 lindwurms
  2 phantasmal warriors
  4 deep elf pyromancers
  5 oklob plants
  A manticore (D:11)
  35 ugly things
  A frost giant zombie (Vaults:2)
  A will-o-the-wisp (Lair:2)
  A shadow dragon skeleton (Vaults:2)
  8 cyclopes
  3 orc sorcerers
  A moth of wrath (Spider:3)
  45 elephants
  11 vault sentinels
  Joseph (D:10)
  A black mamba (shapeshifter) (D:14)
  5 black mambas
  2 smoke demons (Lair:6)
  7 torpor snails
  2 gargoyles
  12 cane toads
  4 centaur skeletons (D:13)
  2 kobold demonologists
  An unseen horror (D:11)
  9 demonic crawlers
  10 yaktaurs
  A rime drake (Lair:2)
  A yaktaur skeleton (Vaults:2)
  16 komodo dragons
  3 tengu conjurers (D:15)
  A meliai (shapeshifter) (Lair:6)
  3 ancient zymes (Lair:6)
  8 trolls
  A polar bear (Lair:4)
  9 meliai
  A queen bee (Gauntlet)
  17 tarantellas
  4 hornets
  A meliai zombie (D:10)
  18 slime creatures
  A sphinx simulacrum (Vaults:2)
  36 blink frogs
  18 dream sheep
  A human skeleton (Vaults:2)
  A slime creature (shapeshifter) (D:15)
  26 jumping spiders
  3 spriggans
  15 culicivoras
  3 ynoxinuls
  59 yaks
  5 wraiths
  2 shadows
  8 basilisks
  A steam dragon (D:9)
  5 hogs (Lair:5)
  5 wyverns
  2 humans (Lair:5)
  2 chaos spawn (Lair:6)
  A basilisk (shapeshifter) (D:13)
  A redback simulacrum (D:9)
  31 vampire mosquitoes
  6 wargs
  48 redbacks
  13 water moccasins
  2 swamp worms (Swamp:1)
  36 orc warriors
  2 ice beasts
  3 sky beasts
  3 large abominations (Lair:6)
  2 black bears
  2 necrophages
  5 ogres
  A boggart (D:13)
  13 wolves
  9 centaurs
  A phantom (D:5)
  4 kobold brigands
  Blork the orc (D:5)
  11 bullfrogs
  A gnoll sergeant (D:12)
  A wyvern zombie (D:6)
  3 scorpions
  11 small abominations (Lair:6)
  A water moccasin skeleton (D:6)
  11 killer bees
  9 wights
  6 howler monkeys
  4 electric eels
  6 centaur zombies
  6 hounds
  5 gnoll shamans
  29 orc priests
  An iron imp (Gauntlet)
  Jessica (D:2)
  A bullfrog skeleton (D:6)
  28 orc wizards
  2 killer bee zombies (D:9)
  A howler monkey zombie (D:9)
  A howler monkey skeleton (D:7)
  28 gnolls
  2 adders
  A white imp (D:6)
  2 ufetubi (D:5)
  2 adder skeletons
  2 worms
  A dart slug (D:5)
  99 orcs
  4 endoplasms
  2 giant cockroaches
  9 goblins
  14 hobgoblins
  9 jackals
  5 quokkas
  5 ball pythons
  3 bats
  2 frilled lizards (D:1)
  6 kobolds
  7 rats
1232 creatures vanquished.

Vanquished Creatures (others)
  An orc warlord (Vaults:3)
  A lindwurm (Vaults:2)
  A cane toad (Lair:3)
  A jumping spider (Spider:4)
  An orc wizard (D:2)
  2 orcs (D:9)
  21 demonic plants (Gauntlet)
  9 foxfires (Swamp:1)
  49 fungi
  64 plants
150 creatures vanquished.

Grand Total: 1382 creatures vanquished

Notes
Turn   | Place    | Note
-------+----------+-------------------------------------------
     0 | D:1      | HallandMoats the Ghoul Monk began the quest for the Orb.
     0 | D:1      | Reached XP level 1. HP: 19/19 MP: 0/0
   298 | D:1      | Reached XP level 2. HP: 8/26 MP: 1/1
  1111 | D:2      | Reached XP level 3. HP: 31/31 MP: 2/2
  1174 | D:2      | Noticed Jessica
  1206 | D:2      | Reached skill level 1 in Armour
  1219 | D:2      | Reached XP level 4. HP: 11/40 MP: 1/3
  1223 | D:2      | HP: 2/40 [orc (5)]
  1542 | D:2      | Killed Jessica
  1543 | D:2      | Reached skill level 4 in Fighting
  1951 | D:2      | Reached skill level 1 in Invocations
  1962 | D:2      | Reached XP level 5. HP: 43/46 MP: 4/4
  3126 | D:3      | Found a shimmering blue altar of Sif Muna.
  3474 | D:4      | Reached XP level 6. HP: 53/53 MP: 3/6
  4513 | D:5      | Entered Level 5 of the Dungeon
  4516 | D:5      | Identified the +9 rapier of Vaepti {freeze, rPois}
  4522 | D:5      | Noticed an orc warrior
  4549 | D:5      | Noticed an ice beast
  4549 | D:5      | Found a staircase to the Ecumenical Temple.
  4572 | D:5      | Killed an ice beast
  4578 | Temple   | Entered the Ecumenical Temple
  4965 | Temple   | Became a worshipper of Warmaster Okawaru
  4965 | Temple   | Reached * piety under Okawaru
  4965 | Temple   | Reached ** piety under Okawaru
  5011 | D:5      | Reached XP level 7. HP: 60/60 MP: 7/7
  5018 | D:5      | Found the +7 Kryia's mail coat {PotionHeal*2 rC+}
  5025 | D:5      | Reached skill level 5 in Fighting
  5054 | D:5      | Reached skill level 5 in Unarmed Combat
  5714 | D:4      | Reached XP level 8. HP: 64/70 MP: 7/9
  5731 | D:5      | Reached *** piety under Okawaru
  5744 | D:5      | Found Isojigeg's Jewellery Boutique.
  5748 | D:5      | Identified a scroll of acquirement
  5749 | D:5      | Acquired the +2 hat of Time Monsters {rC+ Str-3 Dex+3}
  5916 | D:5      | Reached skill level 6 in Fighting
  5916 | D:5      | Reached skill level 5 in Dodging
  6148 | D:6      | Noticed Blork the orc
  6310 | D:5      | Killed Blork the orc
  6621 | D:6      | Reached **** piety under Okawaru
  6746 | D:6      | Reached XP level 9. HP: 30/78 MP: 5/10
  7369 | D:6      | Found a blossoming altar of Fedhas.
  7394 | D:6      | Reached skill level 7 in Fighting
  7401 | D:6      | Reached skill level 5 in Armour
  7567 | D:6      | Found a basalt altar of Yredelemnul.
  7569 | D:6      | Found a burning altar of Makhleb.
  7571 | D:6      | Found a hazy altar of Hepliaklqana.
  7656 | D:6      | Noticed a gargoyle
  7669 | D:6      | Killed a gargoyle
  8012 | D:6      | Identified the +0 leather armour of Recklessness {Int+2}
  8168 | D:6      | Reached ***** piety under Okawaru
  8303 | D:7      | Reached XP level 10. HP: 88/88 MP: 12/12
  8358 | D:7      | Noticed a deep elf pyromancer
  8358 | D:7      | Noticed a deep elf pyromancer
  8360 | D:7      | Noticed a gargoyle
  8371 | D:7      | Killed a deep elf pyromancer
  8372 | D:7      | Reached skill level 8 in Fighting
  8372 | D:7      | Reached skill level 5 in Invocations
  8377 | D:7      | Killed a gargoyle
  8379 | D:7      | Killed a deep elf pyromancer
  8475 | D:7      | Noticed a two-headed ogre
  8475 | D:7      | Noticed a two-headed ogre
  8479 | D:7      | Noticed a purple ugly thing
  8480 | D:7      | Killed a two-headed ogre
  8484 | D:7      | Killed a two-headed ogre
  8488 | D:7      | Killed a purple ugly thing
  8491 | D:7      | Identified the +6 bardiche of Classification {spect, Int+2
                  | Dex+7}
  8501 | D:7      | Noticed a two-headed ogre
  8502 | D:7      | Reached skill level 9 in Fighting
  8507 | D:7      | Reached ****** piety under Okawaru
  8515 | D:7      | Killed a two-headed ogre
  8515 | D:7      | Identified the +10 lajatang "Cigom" {drain, Str+5} (Okawaru
                  | gifted it to you on level 7 of the Dungeon)
  8515 | D:7      | Received a gift from Okawaru
  8516 | D:7      | Reached XP level 11. HP: 42/97 MP: 5/14
  8901 | D:7      | Reached skill level 1 in Polearms
  8929 | D:7      | Found an opulent altar of Gozag.
  9041 | D:7      | Found a stormy altar of Qazlal.
  9529 | D:8      | Noticed a skeletal warrior
  9540 | D:8      | Found a transporter.
  9554 | D:8      | Noticed a manticore
  9578 | D:8      | Noticed a two-headed ogre
  9599 | D:8      | Noticed a boulder beetle
  9601 | D:8      | Found a transporter.
  9601 | D:8      | Noticed a two-headed ogre
  9605 | D:8      | Noticed ravioli's ghost (novice OpEE)
  9608 | D:8      | Killed a boulder beetle
  9806 | D:8      | Found Ymaa's Jewellery Shoppe.
  9836 | D:8      | Found an ancient bone altar of Kikubaaqudgha.
 11018 | D:10     | Entered Level 10 of the Dungeon
 11018 | D:10     | Found Ziuw's Jewellery Boutique.
 11261 | D:10     | Noticed a red ugly thing
 11266 | D:10     | Killed a red ugly thing
 11285 | D:10     | Reached skill level 5 in Polearms
 11384 | D:10     | Found a snail-covered altar of Cheibriados.
 11396 | D:10     | Noticed a two-headed ogre
 11396 | D:10     | Noticed a two-headed ogre
 11411 | D:10     | Killed a two-headed ogre
 11411 | D:10     | Identified the +1 ring mail of Weightlessness {+Blink +Inv
                  | rN+ Str-4} (Okawaru gifted it to you on level 10 of the
                  | Dungeon)
 11411 | D:10     | Received a gift from Okawaru
 11429 | D:10     | Reached XP level 12. HP: 92/104 MP: 14/17
 11431 | D:10     | Killed a two-headed ogre
 11491 | D:10     | Noticed Sonja
 11512 | D:10     | Killed Sonja
 11659 | D:10     | Noticed a two-headed ogre
 11663 | D:10     | Killed a two-headed ogre
 12031 | D:10     | Noticed Joseph
 12036 | D:10     | Killed Joseph
 12102 | D:11     | Found a staircase to the Orcish Mines.
 12131 | D:11     | Noticed a deep troll earth mage
 12131 | D:11     | Noticed a stone giant
 12131 | D:11     | Noticed a centaur warrior
 12136 | D:11     | Killed a deep troll earth mage
 12137 | D:11     | Noticed an ettin
 12140 | D:11     | Killed a stone giant
 12143 | D:11     | Killed a centaur warrior
 12143 | D:11     | Received a gift from Okawaru
 12401 | D:11     | Killed an ettin
 12624 | D:11     | Noticed a two-headed ogre
 12629 | D:11     | Killed a two-headed ogre
 12630 | D:11     | Reached skill level 10 in Invocations
 12710 | D:11     | Identified the +0 cloak of the Poles {Rampage rF- rC-
                  | Str+5} (Okawaru gifted it to you on level 11 of the
                  | Dungeon)
 12710 | D:11     | Received a gift from Okawaru
 12711 | D:11     | Reached skill level 10 in Polearms
 12721 | D:11     | Noticed a boulder beetle
 12740 | D:11     | Killed a boulder beetle
 12744 | D:11     | Reached XP level 13. HP: 71/111 MP: 11/19
 13136 | D:11     | Found a staircase to the Lair.
 13595 | D:12     | Found a portal to a secret trove of treasure.
 13716 | D:12     | Found Ymio's Weapon Shop.
 13789 | D:12     | Identified the +3 leather armour of Death Resistance {-Tele
                  | Regen+ Int+3}
 15227 | D:13     | Received a gift from Okawaru
 15471 | D:13     | Found a gate to the Vaults.
 15522 | D:13     | Reached skill level 10 in Fighting
 16198 | D:14     | Found Upaqacw's Demolitions Depot.
 16619 | D:14     | Reached XP level 14. HP: 107/122 MP: 17/21
 16731 | D:14     | Received a gift from Okawaru
 16855 | D:14     | Got the Volume of the Virous Arsonist
 17095 | D:15     | Entered Level 15 of the Dungeon
 17330 | D:15     | Noticed a green very ugly thing
 17338 | D:15     | Killed a purple very ugly thing
 17345 | D:15     | Reached skill level 11 in Fighting
 17423 | D:15     | Found a staircase to the Depths.
 17605 | D:15     | Paralysed by an orc sorcerer for 2 turns
 17607 | D:15     | Identified the +8 spear "Beetleslayer" {vorpal, rC- Str+5}
                  | (Okawaru gifted it to you on level 15 of the Dungeon)
 17607 | D:15     | Received a gift from Okawaru
 19211 | Lair:1   | Entered Level 1 of the Lair of Beasts
 19620 | Lair:1   | You fall into a shaft and drop 1 floor!
 19705 | Lair:2   | Received a gift from Okawaru
 19732 | Lair:2   | Identified the +1 leather armour "Epuac" {rF+}
 19737 | Lair:2   | Reached skill level 12 in Fighting
 19739 | Lair:2   | Identified the +0 pair of boots "Jexkucrau" {+Inv} (Okawaru
                  | gifted it to you on level 2 of the Lair of Beasts)
 19739 | Lair:2   | Received a gift from Okawaru
 19896 | Lair:1   | Reached XP level 15. HP: 133/133 MP: 21/23
 20558 | Lair:2   | Found a staircase to the Swamp.
 21497 | Lair:3   | Reached skill level 13 in Fighting
 21862 | Lair:3   | Identified the amulet "Aboadel" {Faith rPois MP-9 Dex+2}
 22412 | Lair:4   | Identified the +6 halberd "Umozoots" {speed, Stlth+}
                  | (Okawaru gifted it to you on level 4 of the Lair of Beasts)
 22412 | Lair:4   | Received a gift from Okawaru
 22667 | Lair:4   | Found a hole to the Spider Nest.
 23008 | Lair:5   | Found a gate leading to a gauntlet.
 23017 | Gauntlet | Entered a Gauntlet
 23017 | Gauntlet | Found a transporter.
 23017 | Gauntlet | Found a transporter.
 23017 | Gauntlet | Found a transporter.
 23018 | Gauntlet | Found a transporter.
 23020 | Gauntlet | Found a transporter.
 23022 | Gauntlet | Found a transporter.
 23030 | Gauntlet | Found a transporter.
 23031 | Gauntlet | Found a transporter.
 23033 | Gauntlet | Found a transporter.
 23033 | Gauntlet | Found a transporter.
 23041 | Gauntlet | Found a transporter.
 23041 | Gauntlet | Found a transporter.
 23302 | Gauntlet | Got Desu's Almanac of Changing
 23413 | Gauntlet | Identified the ring "Ajim" {rF++ Str+4 Int-3 SInv Stlth+}
 23633 | Lair:5   | Reached skill level 10 in Dodging
 23638 | Lair:5   | Received a gift from Okawaru
 23661 | Lair:5   | Noticed Kirke
 23666 | Lair:5   | Reached XP level 16. HP: 136/144 MP: 25/25
 23670 | Lair:5   | Noticed a sphinx
 23681 | Lair:5   | Killed Kirke
 23694 | Lair:6   | Entered Level 6 of the Lair of Beasts
 24537 | Lair:5   | Found a staircase to the Slime Pits.
 24640 | Lair:6   | Reached skill level 5 in Stealth
 24659 | Lair:6   | Reached skill level 10 in Armour
 24815 | Lair:6   | Received a gift from Okawaru
 25460 | Lair:6   | Received a gift from Okawaru
 25798 | Lair:6   | Reached skill level 14 in Fighting
 25892 | Lair:6   | Found a corrupted altar of Lugonu.
 25892 | Lair:6   | Found a one-way gate to the infinite horrors of the Abyss.
 26297 | Orc:1    | Entered Level 1 of the Orcish Mines
 26435 | Orc:2    | Entered Level 2 of the Orcish Mines
 26468 | Orc:2    | Found a staircase to the Elven Halls.
 26650 | Orc:2    | Noticed Rupert
 26662 | Orc:2    | Killed Rupert
 26861 | Orc:2    | Noticed Donald
 26875 | Orc:2    | Killed Donald
 27212 | Orc:2    | Reached XP level 17. HP: 152/152 MP: 26/26
 27408 | Orc:2    | Found Onuihih's Antique Armour Shoppe.
 27410 | Orc:2    | Found Joav Moo's Antique Weapon Emporium.
 27487 | Orc:2    | Found Ethriufor's Weapon Shoppe.
 27517 | Orc:2    | Found Kurghioda's General Store.
 27539 | Orc:2    | Bought a scroll of identify for 34 gold pieces
 27986 | Swamp:1  | Entered Level 1 of the Swamp
 28907 | Spider:1 | Entered Level 1 of the Spider Nest
 28916 | Spider:1 | Reached skill level 1 in Shields
 29253 | Spider:1 | Noticed Agnes
 29263 | Spider:1 | Killed Agnes
 29345 | Spider:1 | Received a gift from Okawaru
 30752 | Spider:3 | Noticed Jorgrun
 30779 | Spider:3 | Killed Jorgrun
 31801 | Spider:3 | Identified the +0 buckler "Qer Waps" {Harm *Slow rElec
                  | Stlth+} (Okawaru gifted it to you on level 3 of the Spider
                  | Nest)
 31801 | Spider:3 | Received a gift from Okawaru
 32199 | Spider:3 | Noticed Arachne
 32216 | Spider:3 | Killed Arachne
 32340 | Spider:4 | Entered Level 4 of the Spider Nest
 32356 | Spider:4 | Reached XP level 18. HP: 159/162 MP: 19/27
 32388 | Spider:4 | Reached skill level 15 in Polearms
 32516 | Spider:4 | Noticed Bai Suzhen
 33028 | Spider:4 | Reached skill level 15 in Fighting
 33464 | Spider:4 | Identified the +9 quarterstaff of the Blessed Realm
                  | {vorpal, rCorr Dex+6}
 33483 | Spider:4 | Killed Bai Suzhen
 33573 | Spider:4 | Reached skill level 15 in Invocations
 33593 | Spider:4 | Reached skill level 5 in Shields
 33637 | Spider:4 | Reached skill level 10 in Stealth
 33744 | Spider:4 | Received a gift from Okawaru
 33775 | Spider:4 | Got a gossamer rune of Zot
 34223 | Vaults:1 | Entered Level 1 of the Vaults
 34228 | Vaults:1 | Found Noschefru's Armour Emporium.
 34232 | Vaults:1 | Bought the +0 mask of the Dragon {Will+ Slay+3 SInv} for
                  | 467 gold pieces
 34232 | Vaults:1 | Found the +0 mask of the Dragon {Will+ Slay+3 SInv}
 34308 | Vaults:1 | Received a gift from Okawaru
 35509 | Vaults:2 | Received a gift from Okawaru
 36089 | Vaults:2 | Reached XP level 19. HP: 152/170 MP: 23/29
 36688 | Vaults:2 | Noticed Boris
 36698 | Vaults:2 | Killed Boris
 36698 | Vaults:2 | Received a gift from Okawaru
 37238 | Vaults:2 | Found a staircase to the Crypt.
 37754 | Vaults:3 | Found a magical portal.
 37763 | WizLab   | Entered Wucad Mu's Monastery
 38080 | WizLab   | Found the +9 staff of Wucad Mu {*channel}
 38082 | Arena    | Entered the Arena
 38185 | WizLab   | Reached skill level 17 in Fighting
 38185 | WizLab   | Reached XP level 20. HP: 128/184 MP: 27/30
 38630 | Vaults:3 | Identified the +6 chain mail of Knowledge {+Inv rC+ Str+4
                  | SInv} (Okawaru gifted it to you on level 3 of the Vaults)
 38630 | Vaults:3 | Received a gift from Okawaru
 39336 | Vaults:3 | Found the ring of the Hare {EV+8}
 39588 | Vaults:3 | You fall into a shaft and drop 1 floor!
 39614 | Vaults:3 | Reached skill level 18 in Fighting
 40611 | Vaults:4 | Reached XP level 21. HP: 195/195 MP: 31/31
 40640 | Vaults:4 | Identified the +0 pair of gloves of the Snake Pit {rF+
                  | Dex+3} (Okawaru gifted it to you on level 4 of the Vaults)
 40640 | Vaults:4 | Received a gift from Okawaru
 40686 | Vaults:4 | Mangled by a vault guard

Illustrated notes

Levels and vault maps discovered:
D:1:      dpeg_arrival_shelter, layout_basic, amcnicky_mini_rare_corridor_liquid
D:2:      layout_basic, chequers_serial_rivers_large_b, uniq_jessica
D:3:      layout_basic, lemuel_crystal_altar
D:4:      layout_loops_ring
D:5:      layout_rooms, minmay_temple_entry_statues_fountains, serial_shops,
          nicolae_take_the_stairs, grunt_ministairs_8, minmay_liquid_box
D:6:      layout_loops_cross, mainiacjoe_overflow_paths, minitemple,
          minmay_tree_intersection, uniq_blork_the_orc
D:7:      minmay_the_grid_octo_triangle [minmay_the_grid_octo_thin_diamonds,
          minmay_the_grid_octo_prize_single_spiral, minmay_the_grid_octo_empty],
          layout_basic, lemuel_tele_altar, nicolae_qazlal_style_of_elements,
          grunt_gozag_statues, grunt_ministairs_4, minmay_misc_feat_ornament
D:8:      layout_basic, overflow_temple_1_default, nzn_ghost_randoct,
          serial_shops, nicolae_shop_trees
D:9:      layout_long_grid, kennysheep_boxes
D:10:     kennysheep_ambush_hall, layout_layer_cave,
          nicolae_tso_carved_into_rock, mainiacjoe_overflow_boulevard,
          serial_shops, nicolae_stop_n_shop_1, kennysheep_generic_room_3,
          uniq_sonja, uniq_joseph
D:11:     minmay_glassy_protrusions, layout_long_grid, erik_lair_island,
          minmay_orc_entry_guard_dogs, lemuel_nasty_fountain
D:12:     layout_roguey, nicolae_trove_entry_crystal, serial_shops,
          nicolae_shop_bloodbath_and_beyond
D:13:     layout_basic, hangedman_vaults_entry_quadrant_bands,
          kennysheep_small_circle
D:14:     layout_basic, minmay_stone_trees_medium, nicolae_blasting_shop
D:15:     gammafunk_enter_depths_forms, layout_irregular_city
Temple:   minmay_temple_curvy_loop
Lair:1:   layout_loops_ring
Lair:2:   layout_loops_ring, skrybe_swamp_entry_bodies,
          chequers_serial_rivers_micro_d
Lair:3:   dpeg_oklob_gauntlet, layout_concentric_octagons, serial_bayou_shore_b,
          grunt_megastairs_5, serial_bayou_shore_b, serial_bayou_shore_b,
          lemuel_fruit_tree
Lair:4:   layout_roguey, spider_nest_entry_a, lemuel_fruit_fields
Lair:5:   mu_elephants_graveyard, layout_regular_city, dpeg_slime_entry_corner,
          gauntlet_entry_generic, infiniplex_staircase_pool_2, uniq_kirke
Lair:6:   hellmonk_lair_end_abyssal_woods, layout_misc_corridors
Swamp:1:  layout_basic_swamp, nicolae_swamp_oxbows, swamp_pool2, uniq_frances,
          uniq_aizul
Spider:1: layout_spider_delve, uniq_agnes
Spider:2: layout_spider_delve
Spider:3: layout_cave_pods, hellmonk_narrow_tunnel, uniq_arachne, uniq_jorgrun
Spider:4: grunt_spider_rune_circles, drop_trap, uniq_bai_suzhen
Orc:1:    layout_caves, ebering_ghost_inner_flame
Orc:2:    grunt_orc_community_town_hall, layout_caves,
          grunt_orc_community_big_house_2, grunt_orc_community_big_house_1,
          grunt_orc_community_house_1, grunt_orc_community_house_3,
          grunt_orc_community_house_2, grunt_orc_community_house_2,
          grunt_orc_community_house_3, grunt_orc_community_house_3,
          mines2_david, uniq_donald, uniq_rupert
Vaults:1: v_rooms_6, nicolae_vaults_ring_of_whatevers, nicolae_vaults_network_s,
          dpeg_vaults_monster_row, vaults_dpeg_encased_lava, vaults_room_pools,
          ontoclasm_vaults_loading_screen, ontoclasm_vaults_eye,
          vaults_room_stairs_pillars, layout_vaults_omnicross, serial_shops,
          shop
Vaults:2: vaults_room_boxed, hangedman_vaults_impose, vaults_room_fours,
          v_misc_19, minmay_crypt_entry_simple_corners,
          nicolae_vaults_know_your_exits, v_misc_12, vaults_dpeg_hooks,
          nicolae_vaults_diagonal_hallway_7, layout_vaults_chaotic_city,
          uniq_boris
Vaults:3: mu_enter_wizlab_5, v_misc_23, hangedman_vaults_corner, v_misc_18,
          st_quartered_hall, hangedman_vaults_impose, vaults_room_door_ring,
          vaults_room_door_ring, ontoclasm_vaults_twist,
          ontoclasm_vaults_gateway, layout_vaults_omnigrid
Vaults:4: v_misc_22, v_misc_27, nicolae_vaults_shelves_hall, v_alt_pattern_6,
          hangedman_vaults_slice, v_alt_pattern_4, st_cross,
          nicolae_vaults_big_angled_halls, ontoclasm_vaults_spin,
          nicolae_vaults_what_the_h, vaults_mumra_hexcomb,
          ontoclasm_vaults_fault, ontoclasm_vaults_loading_screen,
          vaults_dpeg_spiral, nicolae_vaults_big_angled_halls,
          layout_vaults_maze

Skill      XL: |  1  2  3  4  5  6  7  8  9 10 11 12 13 14 15 16 17 18 19 20 |
---------------+-------------------------------------------------------------+-----
Dodging        | 3 4 5 6 7 8 9 10 11 12 13 | 13.6
Armour         | 1 2 3 4 5 7 8 9 10 11 12 13 | 13.3
Fighting       | 4 5 6 7 9 10 12 13 14 15 17 18 | 18.6
Unarmed Combat | 4 5 6 7 9 |  9.2
Invocations    | 1 2 3 4 5 8 10 11 12 13 14 15 | 15.9
Polearms       | 6 10 12 13 14 15 16 | 16.1
Stealth        | 3 7 9 10 11 | 11.6
Shields        | 4 5 6 |  6.8

Action                   |  1- 3 |  4- 6 |  7- 9 | 10-12 | 13-15 | 16-18 | 19-21 || total
-------------------------+-------+-------+-------+-------+-------+-------+-------++-------
Melee: Unarmed           |   102 |   239 |   449 |    57 |       |       |       ||   847
       Punch             |     1 |     1 |    32 |     4 |     7 |     5 |       ||    50
       Rapier            |       |     8 |       |       |       |       |       ||     8
       Bardiche          |       |       |       |   214 |   574 |  1100 |   533 ||  2421
       Spear             |       |       |       |       |    71 |    40 |       ||   111
       Lajatang          |       |       |       |       |    73 |    13 |       ||    86
Invok: Heroism           |       |       |       |     4 |     4 |    10 |    10 ||    28
       Finesse           |       |       |       |       |     1 |     6 |     5 ||    12
       Duel              |       |       |       |       |       |       |     1 ||     1
Evoke: Wand              |       |       |       |       |       |     1 |       ||     1
  Use: Scroll            |       |       |     6 |     3 |     7 |     9 |     5 ||    30
       Potion            |       |       |     1 |       |     6 |     2 |    17 ||    26
 Stab: Sleeping          |     4 |     1 |       |     1 |     5 |    56 |    17 ||    84
       Distracted        |       |       |       |     2 |    16 |    20 |    15 ||    53
Armor: Robe              |    11 |       |       |       |       |       |       ||    11
       Ring mail         |    12 |    42 |       |       |       |       |       ||    54
       Leather armour    |       |    31 |     4 |       |       |       |       ||    35
       Scale mail        |       |       |   225 |   155 |   388 |   592 |   422 ||  1782
Dodge: Dodged            |    51 |   112 |   278 |   286 |   663 |  1290 |   652 ||  3332
